 Dungeon Crawl Stone Soup version 0.21.1-1-g345015fe64 (webtiles) character file.

2321 Naru the Cleaver (level 9, 0/118 HPs)
             Began as a Hill Orc Fighter on June 14, 2018.
             Was a Follower of Beogh.
             Slain by Greboboi's ghost (6 damage)
             ... on level 8 of the Dungeon.
             The game lasted 00:19:45 (8600 turns).

Naru the Cleaver (Hill Orc Fighter)                 Turns: 8600, Time: 00:19:45

Health: 0/118      AC: 16    Str: 24    XL:     9   Next: 42%
Magic:  10/10      EV:  5    Int: 11    God:    Beogh [*.....]
Gold:   404        SH: 11    Dex: 10    Spells: 8/8 levels left

rFire    . . .     SeeInvis .   a - +1 war axe
rCold    . . .     Gourm    .   c - +0 shield
rNeg     + . .     Faith    .   n - +0 plate armour
rPois    .         Spirit   .   (no helmet)
rElec    .         Reflect  .   (no cloak)
rCorr    .         Harm     .   h - +2 pair of gloves
MR       .....                  (no boots)
Stlth    ..........             (no amulet)
HPRegen  0.29/turn              w - ring of stealth
MPRegen  0.12/turn              y - ring of positive energy

@: berserking, very quick
A: no striking features
a: Renounce Religion


You were on level 8 of the Dungeon.
You worshipped Beogh.
Beogh was aware of your devotion.
You were not hungry.

You visited 1 branch of the dungeon, and saw 8 of its levels.

You collected 404 gold pieces.

Inventory:

Hand Weapons
 a - a +1 war axe (weapon)
 b - a +0 spear
 e - a +0 halberd
 q - a +0 trident
 D - a +0 trident
Missiles
 i - 337 stones
 j - 71 poisoned needles
 u - 3 javelins (quivered)
 E - 2 silver tomahawks
Armour
 c - a +0 shield (worn)
 h - a +2 pair of gloves (worn)
 n - a +0 plate armour (worn)
Jewellery
 m - a +3 amulet of reflection {unknown}
 w - a ring of stealth (left hand)
 y - a ring of positive energy (right hand)
Wands
 o - a wand of clouds (8)
Scrolls
 p - 2 scrolls of remove curse
 r - a scroll of enchant weapon
 s - 2 scrolls of identify
 t - 2 scrolls of enchant armour
 A - 2 scrolls of magic mapping {unknown}
 B - 2 scrolls of amnesia
Potions
 d - a potion of haste
 g - a potion of ambrosia
 k - 4 potions of curing
 l - a potion of degeneration
 v - a potion of magic
 x - a potion of berserk rage
 z - a potion of brilliance
 C - a potion of flight {unknown}
Comestibles
 f - 15 rations


   Skills:
 * Level 7.5 Fighting
 + Level 10.1 Axes
 * Level 6.9 Armour
 - Level 0.1 Dodging
 * Level 6.8 Shields
 - Level 1.7 Evocations


You had 8 spell levels left.
You didn't know any spells.

Dungeon Overview and Level Annotations

Branches:
Dungeon (8/15)             Temple (0/1) D:7
   Lair: D:8-11

Altars:
Cheibriados
Fedhas
Kikubaaqudgha
Makhleb
Nemelex Xobeh
Okawaru
Ru
Trog
Uskayaw
Wu Jian
Xom
Yredelemnul
Zin

Shops:
D:8 [

Annotations:
D:8 Greboboi's ghost, novice TrFi


Message History

Greboboi's ghost is almost destroyed.
Greboboi's ghost hits you but does no damage.
You feel better. Greboboi's ghost completely misses you.
You barely miss Greboboi's ghost.
Greboboi's ghost is almost destroyed.
Greboboi's ghost hits you!
* * * LOW HITPOINT WARNING * * *
Your plate armour prevents you from hitting Greboboi's ghost.
Greboboi's ghost is almost destroyed.
Greboboi's ghost hits you but does no damage.
A red film seems to cover your vision as you go berserk!
You feel yourself moving faster!
You feel mighty! Greboboi's ghost hits you.
* * * LOW HITPOINT WARNING * * *
You slash Greboboi's ghost!
Greboboi's ghost is almost destroyed.
You block Greboboi's ghost's attack.
You completely miss Greboboi's ghost.
Greboboi's ghost is almost destroyed.
Greboboi's ghost hits you.
You die...

#.# #W# #.###.#######
#.......(.... ......#
#.##.# ......# #...(#
......# ####.# ......#
#W# ......# #@# ......#
#.####### ......#
#.......# ......#
#######.#
.#####################.##
.# #........#...........#
.# #.######.#.###########
.###.#....#.#.#
.....#..###.#.#


You could see Greboboi's ghost.

Vanquished Creatures
  Grinder (D:4)
  A spriggan (D:7)
  2 ice beasts (D:7)
  2 black bears (D:7)
  A phantom (D:4)
  The ghost of plutoniumapex the Covered, an amateur HOFi (D:3)
  An ogre (D:4)
  Blork the orc (D:4)
  3 bullfrogs
  A scorpion (D:4)
  4 killer bees (D:7)
  2 crimson imps (D:5)
  2 hounds
  6 orc wizards
  2 orc priests
  A centaur skeleton (D:5)
  2 iguanas (D:6)
  6 worker ants
  A hound skeleton (D:6)
  A hound zombie (D:7)
  A mummy (D:7)
  11 adders
  A shadow imp (D:5)
  2 worms
  4 dart slugs
  3 leopard geckos
  25 orcs
  2 ball pythons
  7 bats
  10 giant cockroaches
  10 goblins
  7 hobgoblins
  4 jackals
  3 quokkas
  9 frilled lizards
  2 jackal skeletons
  6 kobolds
  5 rats
153 creatures vanquished.

Vanquished Creatures (others)
  2 orcs (D:6)
2 creatures vanquished.

Grand Total: 155 creatures vanquished

Notes
Turn   | Place    | Note
-------+----------+-------------------------------------------
     0 | D:1      | Naru the Hill Orc Fighter began the quest for the Orb.
     0 | D:1      | Reached XP level 1. HP: 19/19 MP: 1/1
   304 | D:1      | Reached XP level 2. HP: 27/27 MP: 2/2
   548 | D:1      | Reached skill level 3 in Axes
   733 | D:1      | Reached XP level 3. HP: 33/33 MP: 3/3
  1127 | D:2      | Found a shimmering altar of Xom.
  1331 | D:2      | Reached skill level 4 in Axes
  1331 | D:2      | Reached XP level 4. HP: 31/41 MP: 4/4
  1466 | D:2      | Found an iron altar of Okawaru.
  2120 | D:3      | Noticed plutoniumapex's ghost (amateur HOFi)
  2122 | D:3      | Reached XP level 5. HP: 35/47 MP: 5/5
  2149 | D:3      | HP: 2/47 [plutoniumapex's ghost (2)]
  2156 | D:3      | Killed plutoniumapex's ghost
  2156 | D:3      | Reached skill level 5 in Axes
  2160 | D:3      | Reached skill level 6 in Axes
  2160 | D:3      | Reached XP level 6. HP: 7/55 MP: 6/6
  2163 | D:3      | Reached skill level 5 in Fighting
  3345 | D:4      | Noticed Grinder
  3357 | D:4      | Paralysed by Grinder for 2 turns
  3367 | D:4      | Paralysed by Grinder for 5 turns
  3376 | D:4      | Paralysed by Grinder for 7 turns
  3521 | D:4      | HP: 2/56 [something (1)]
  3861 | D:4      | Noticed Blork the orc
  3878 | D:4      | Killed Blork the orc
  3878 | D:4      | Reached skill level 7 in Axes
  3878 | D:4      | Reached skill level 1 in Evocations
  3878 | D:4      | Reached XP level 7. HP: 42/61 MP: 7/7
  4000 | D:4      | Found a sacrificial altar of Ru.
  4003 | D:4      | Found a sparkling altar of Nemelex Xobeh.
  4006 | D:4      | Found an ancient bone altar of Kikubaaqudgha.
  4009 | D:4      | Found a burning altar of Makhleb.
  4359 | D:4      | Found a hide-covered altar of Uskayaw.
  4452 | D:4      | Found a glowing silver altar of Zin.
  4563 | D:4      | Reached skill level 8 in Axes
  4657 | D:4      | Killed Grinder
  4657 | D:4      | Reached XP level 8. HP: 42/70 MP: 9/9
  4862 | D:5      | Entered Level 5 of the Dungeon
  4930 | D:5      | Reached skill level 5 in Armour
  5219 | D:5      | Found a basalt altar of Yredelemnul.
  5478 | D:5      | Reached skill level 9 in Axes
  5792 | D:6      | Became a worshipper of Beogh the Brigand
  5901 | D:6      | Reached skill level 5 in Shields
  6113 | D:6      | Found a blossoming altar of Fedhas.
  6569 | D:6      | Found an ornate altar of the Wu Jian Council.
  7209 | D:7      | Found a bloodstained altar of Trog.
  7250 | D:7      | Reached XP level 9. HP: 60/79 MP: 10/10
  7265 | D:7      | Reached * piety under Beogh
  7695 | D:7      | Found a staircase to the Ecumenical Temple.
  8068 | D:7      | Found a snail-covered altar of Cheibriados.
  8074 | D:7      | Reached skill level 10 in Axes
  8401 | D:8      | Found Bukoijuo's Antique Armour Emporium.
  8560 | D:8      | Noticed Greboboi's ghost (novice TrFi)
  8598 | D:8      | HP: 5/118 [Greboboi's ghost (2)]
  8600 | D:8      | Slain by Greboboi's ghost

Skill      XL: |  1  2  3  4  5  6  7  8  9 |
---------------+----------------------------+-----
Fighting       | 4 5 6 7 |  7.5
Axes           | 3 4 6 7 8 9 10 | 10.1
Armour         | 4 6 |  6.9
Shields        | 4 6 |  6.8
Evocations     | 1 |  1.7
Dodging        | |  0.1

Action                   |  1- 3 |  4- 6 |  7- 9 || total
-------------------------+-------+-------+-------++-------
Melee: War axe           |   121 |   316 |   352 ||   789
Throw: Javelin           |       |       |     6 ||     6
Invok: Convert to Beogh  |       |       |     1 ||     1
  Use: Potion            |       |     9 |     3 ||    12
       Scroll            |       |     8 |     8 ||    16
  Eat: Ration            |     1 |     2 |     4 ||     7
       Chunk             |       |     1 |     1 ||     2
Armor: Scale mail        |    35 |       |       ||    35
       Plate armour      |    40 |   226 |   194 ||   460
       Skin              |       |     4 |       ||     4
Dodge: Dodged            |    42 |    49 |    58 ||   149
Block: Shield            |    62 |   141 |   160 ||   363
